 Dungeon Crawl Stone Soup version 0.28.0-45-g0d030f2227 (webtiles) character file.

Game seed: 16883304187436218988

908 gohu the Cleaver (level 7, -1/61 HPs)
             Began as a Minotaur Fighter on May 1, 2022.
             Killed by vampiric draining
             ... invoked by a vampire
              (10 damage)
             ... on level 6 of the Dungeon.
             The game lasted 00:09:05 (4042 turns).

gohu the Cleaver (Minotaur Fighter)                 Turns: 4042, Time: 00:09:06

Health: -1/61      AC: 13    Str: 22    XL:     7   Next: 81%
Magic:  6/6        EV:  7    Int:  5    God:
Gold:   254        SH:  5    Dex: 18    Spells: 6/6 levels left

rFire   . . .      SeeInvis +   a - +1 war axe
rCold   . . .      Faith    .   c - +0 buckler
rNeg    . . .      Spirit   .   t - +2 chain mail {rPois}
rPois   +          Reflect  .   (helmet restricted)
rElec   .          Harm     .   e - +0 cloak
rCorr   .          Rampage  .   (no gloves)
Will    +....                   (no boots)
Stlth   ..........              (no amulet)
HPRegen 0.20/turn               m - ring of see invisible
MPRegen 0.10/turn               s - +6 ring of dexterity

@: attractive
A: horns 2, retaliatory headbutt, camouflage 1, agile 1, strong-willed 1
a: no special abilities


You were on level 6 of the Dungeon.
You visited 1 branch of the dungeon, and saw 6 of its levels.

You collected 254 gold pieces.

Inventory:

Hand Weapons
 a - a +1 war axe (weapon)
Missiles
 o - 2 boomerangs (quivered)
Armour
 c - a +0 buckler (worn)
 e - a +0 cloak (worn)
 t - a +2 chain mail of poison resistance (worn)
Jewellery
 d - a ring of fire
 m - a ring of see invisible (left hand)
 s - a +6 ring of dexterity (right hand)
Wands
 b - a wand of iceblast (12)
Scrolls
 g - 3 scrolls of identify
 p - a scroll of teleportation
Potions
 h - a potion of mutation
 j - a potion of attraction
 k - a potion of degeneration {unknown}
 l - a potion of flight {unknown}
 q - a potion of lignification {unknown}
 r - a potion of cancellation {unknown}


   Skills:
 + Level 5.3 Fighting
 * Level 9.4 Axes
 + Level 5.3 Armour
 - Level 3.6 Shields
 + Level 0.2 Evocations


You had 6 spell levels left.
You didn't know any spells.
Your spell library contained the following spells:

 Spells                   Type           Power      Damage    Failure   Level
 Portal Projectile        Hex/Tloc       0%         N/A       100%        3
 Blade Hands              Tmut           0%         N/A       100%        5
 Excruciating Wounds      Necr           0%         N/A       100%        5


Dungeon Overview and Level Annotations

Branches:
Dungeon (6/15)
 Temple: D:4-7

Altars:
Wu Jian
Xom
Yredelemnul
The Shining One

Shops:
D:4 *


Innate Abilities, Weirdness & Mutations

You have a pair of horns on your head.
You reflexively headbutt those who attack you in melee.
Your skin changes colour to match your surroundings (Stealth+).
You are agile. (Dex +2)
You are strong-willed. (Will+)


Message History

The vampire draws strength from your injuries!
You hit the vampire.
The vampire is lightly damaged.
The vampire hits you! The vampire completely misses you.
You slash the vampire!
The vampire is heavily damaged.
You block the vampire's attack.
The vampire bites you but does no damage.
You barely miss the vampire.
The vampire is heavily damaged.
The vampire hits you but does no damage.
You block the vampire's attack.
You hit the vampire but do no damage.
The vampire is heavily damaged.
The vampire points at you and mumbles some strange words.
You resist with almost no effort. The vampire barely misses you.
The vampire bites you but does no damage.
You barely miss the vampire.
The vampire is heavily damaged.
The vampire hits you. The vampire bites you.
The vampire draws strength from your injuries!
You closely miss the vampire. You headbutt the vampire.
The vampire is heavily damaged.
You block the vampire's attack.
The vampire bites you but does no damage.
You slash the vampire! You headbutt the vampire.
The vampire is almost destroyed.
The vampire draws life force from you!
* * * LOW HITPOINT WARNING * * *
The vampire is healed by the life force!
You hit the vampire but do no damage. Your headbutt misses the vampire.
The vampire is severely damaged.
You hear the hiss of an avalanche of sand very nearby.
The vampire hits you.
* * * LOW HITPOINT WARNING * * *
The vampire barely misses you.
You hit the vampire. Your headbutt misses the vampire.
The vampire is severely damaged.
The vampire draws life force from you!
You die...

#.........)#....
#.#######..#..##
........# #####..#...#
##########...........#
# #.#####.....#.###.#
#.......<......#
#.###.V.######## #.#
##(.....@...
#@####K.########
#.V....># #########


You could see a vampire.

Vanquished Creatures
  Sigmund (D:6)
  Menkaure (D:4)
  A water moccasin (D:6)
  A kobold brigand (D:6)
  3 scorpions
  A water moccasin skeleton (D:4)
  A centaur skeleton (D:6)
  Jessica (D:2)
  2 orc wizards (D:4)
  Terence (D:2)
  6 adders
  A dart slug (D:4)
  An orc (D:4)
  6 ball pythons
  8 endoplasms
  5 giant cockroaches
  5 goblins
  4 hobgoblins
  3 quokkas (D:1)
  8 bats
  3 frilled lizards
  15 kobolds
  6 rats
84 creatures vanquished.

Notes
Turn   | Place    | Note
-------+----------+-------------------------------------------
     0 | D:1      | gohu the Minotaur Fighter began the quest for the Orb.
     0 | D:1      | Reached XP level 1. HP: 19/19 MP: 0/0
   214 | D:1      | Reached XP level 2. HP: 27/27 MP: 1/1
   532 | D:1      | Reached skill level 3 in Axes
   790 | D:1      | Reached XP level 3. HP: 33/33 MP: 2/2
   862 | D:1      | Found a faded altar of an unknown god.
   926 | D:2      | Noticed Jessica
   940 | D:2      | Killed Jessica
  1134 | D:2      | Reached skill level 4 in Axes
  1134 | D:2      | Reached XP level 4. HP: 41/41 MP: 3/3
  1205 | D:2      | Noticed Terence
  1209 | D:2      | Killed Terence
  1973 | D:3      | Found a shimmering altar of Xom.
  2307 | D:3      | Reached skill level 5 in Axes
  2307 | D:3      | Reached XP level 5. HP: 41/47 MP: 4/4
  2539 | D:3      | Found an ornate altar of the Wu Jian Council.
  2835 | D:4      | Noticed Menkaure
  2847 | D:4      | Killed Menkaure
  2848 | D:4      | Reached skill level 6 in Axes
  2848 | D:4      | Reached XP level 6. HP: 31/55 MP: 5/5
  3059 | D:4      | Found a basalt altar of Yredelemnul.
  3112 | D:4      | Found Mikhlinac's Neck Hole.
  3128 | D:4      | Reached skill level 7 in Axes
  3412 | D:5      | Entered Level 5 of the Dungeon
  3834 | D:5      | Reached skill level 5 in Fighting
  3852 | D:6      | Reached XP level 7. HP: 61/61 MP: 6/6
  3872 | D:6      | Found a glowing golden altar of the Shining One.
  3917 | D:6      | Reached skill level 8 in Axes
  3917 | D:6      | Reached skill level 5 in Armour
  3922 | D:6      | Noticed a vampire
  3996 | D:6      | Noticed Sigmund
  4025 | D:6      | Killed Sigmund
  4026 | D:6      | Reached skill level 9 in Axes
  4029 | D:6      | Gained mutation: Your skin changes colour to match your
                  | surroundings (Stealth+). [potion of mutation]
  4029 | D:6      | Gained mutation: You are agile. (Dex +2) [potion of
                  | mutation]
  4029 | D:6      | Gained mutation: You are strong-willed. (Will+) [potion of
                  | mutation]
  4042 | D:6      | Killed from afar by a vampire

Illustrated notes

Levels and vault maps discovered:
D:1:      amcnicky_arrival_flooded_fountain, layout_basic,
          ebering_ecumenical_altar_hall
D:2:      layout_basic, minmay_puff, uniq_terence, uniq_jessica
D:3:      layout_loops_ring, mainiacjoe_overflow_alcove_4,
          lemuel_coloured_pillars_altar
D:4:      layout_loops_corners, mainiacjoe_overflow_concentric_impassable,
          nicolae_shop_sticking_my_neck_out, uniq_menkaure
D:5:      layout_basic, grunt_gozag_statues, minivault_1,
          minmay_misc_feat_secret_circle
D:6:      layout_basic, mainiacjoe_overflow_alcove_1,
          nicolae_tso_carved_into_rock, minmay_temple_entry_poolview,
          enter_ossuary_5, uniq_sigmund

Skill      XL: |  1  2  3  4  5  6  7 |
---------------+----------------------+-----
Fighting       | 4 5 |  5.3
Armour         | 4 5 |  5.3
Axes           | 3 4 5 6 7 9 |  9.4
Shields        | |  3.6
Evocations     | |  0.2

Action                   |  1- 3 |  4- 6 |  7- 9 || total
-------------------------+-------+-------+-------++-------
Melee: War axe           |    75 |    91 |    41 ||   207
       Headbutt          |     9 |    10 |     5 ||    24
Evoke: Wand              |       |     2 |       ||     2
  Use: Potion            |       |     2 |     4 ||     6
       Scroll            |       |     2 |     4 ||     6
Armor: Scale mail        |    39 |     2 |       ||    41
       Chain mail        |       |    36 |    27 ||    63
Dodge: Dodged            |    38 |    39 |    14 ||    91
Block: Buckler           |    17 |    23 |     9 ||    49
